Cogmind - Beta 14 @@@ ROGUE MODE // 2024.09.14 @ 19:48:13 Player: Lunace Result: Destroyed by X-62 Marksman with Pulse Rifle Performance ------------- Evolutions (2) 1000 Regions Visited (8) 1600 Robots Destroyed (99) 495 Value Destroyed (4325) 4325 Prototype IDs (26) 520 Alien Tech Used (0) 0 Bonus (1851) 1851 TOTAL SCORE: 9791 Bonus ------- High Alert Combat Kills 683 Follower Combat Kills 279 Entered Garrisons 400 Used RIF Installer 500 Aligned with FarCom 300 Friendly Fire -311 Cogmind --------- Core Integrity 0/550 Matter 290/300 Energy 150/150 System Corruption 7% Temperature Cool (6) Movement Flying (30) Location -8/Garrison Parts ------- > --- POWER (1) -------- Micro Fission Core > --- PROPULSION (4) --- Improved VTOL Module Improved VTOL Module Nuclear Pulse Array > --- UTILITY (4) ------ Remote Force Field Relay Coupler [Swarmer] (41) Relay Coupler [Grunt] (24) Relay Coupler [Heavy] (7) > --- WEAPON (2) ------- Mini Grenade Launcher Remote Datajack > --- INVENTORY (5) ---- Superbattery (1013) Wave Gun Peak State ------------ > --- POWER ------------ Micro Fission Core > --- PROPULSION ------- Improved VTOL Module Improved VTOL Module Nuclear Pulse Array > --- UTILITY ---------- Superbattery Remote Force Field Relay Coupler [Sentry] Relay Coupler [Heavy] > --- WEAPON ----------- Wave Gun Remote Datajack > --- INVENTORY -------- Relay Coupler [NC] Relay Coupler [Swarmer] Relay Coupler [Sentry] Mini Grenade Launcher [Rating: 63] Favorites ----------- Power Improved Ion Engine Engine Improved Ion Engine Power Core Micro Fission Core Propulsion Light Treads Treads Light Treads Wheel Armored Wheel Flight Unit Improved VTOL Module Utility Large Storage Unit Device Improved Heat Sink Storage Large Storage Unit Processor Target Analyzer Hackware Relay Coupler [Heavy] Protection Light Armor Plating Weapon Gauss Cannon Energy Gun Beam Rifle Energy Cannon Long-range Proton Cannon Ballistic Gun Assault Rifle Ballistic Cannon Gauss Cannon Launcher Mini Grenade Launcher Special Weapon Remote Datajack Slashing Weapon Scythe Special Melee Weapon Datajack Build | -11 -10 -10 -10 -9 -8 -8 -8 -8 ------- Run | Yrd Mat Min Exi Min Mat Gar Mat Gar Slots Evolved 4 | . . . . . 4 . . . Power . | . . . . . . . . . Propulsion 2 | . . . . . 2 . . . Utility 2 | . . . . . 2 . . . Weapon . | . . . . . . . . . Parts Attached 105 | 6 4 6 . 1 42 25 9 12 Power 9 | 1 1 1 . . 3 3 . . Engine 7 | 1 1 1 . . 3 1 . . Core 2 | . . . . . . 2 . . Reactor . | . . . . . . . . . Propulsion 19 | 2 . 2 . . 9 5 . 1 Treads 11 | 2 . 2 . . 5 2 . . Leg . | . . . . . . . . . Wheel 2 | . . . . . 2 . . . Hover . | . . . . . . . . . Flight 6 | . . . . . 2 3 . 1 Utility 41 | 1 2 1 . . 13 12 6 6 Device 15 | . . . . . 7 6 1 1 Storage 7 | 1 1 . . . 1 1 2 1 Processor 4 | . . . . . 3 . 1 . Hackware 8 | . . . . . . 2 2 4 Protection 7 | . 1 1 . . 2 3 . . Artifact . | . . . . . . . . . Weapon 36 | 2 1 2 . 1 17 5 3 5 Energy Gun 8 | 1 . 1 . 1 2 1 1 1 Energy Cannon 1 | . . . . . . 1 . . Ballistic Gun 4 | 1 1 . . . 2 . . . Ballistic Cannon 7 | . . . . . 6 1 . . Launcher 9 | . . 1 . . 4 1 1 2 Special Weapon 4 | . . . . . . 1 1 2 Impact Weapon . | . . . . . . . . . Slashing Weapon 2 | . . . . . 2 . . . Piercing Weapon . | . . . . . . . . . Special Melee Weapon 1 | . . . . . 1 . . . Unidentified Prototypes 3 | . . . . . 3 . . . Parts Lost 13 | . . 1 . 1 7 3 1 . Power 1 | . . . . . 1 . . . Propulsion 5 | . . 1 . . 2 2 . . Utility 3 | . . . . . 2 . 1 . Weapon 4 | . . . . 1 2 1 . . Highest Loss Streak 2 | . . 1 . 1 2 2 1 . To Critical Strikes . | . . . . . . . . . Average Slot Usage (%) 89 | . 97 91 100 100 85 87 78 84 Engine 8 | . 14 14 14 14 9 3 . . Core 2 | . . . . . . 5 9 9 Treads 18 | . 28 19 28 28 15 20 . . Wheel 3 | . . . . . 10 1 . . Flight 4 | . . . . . . 6 27 27 Device 5 | . . . . . 8 10 7 8 Storage 9 | . 14 14 14 14 9 8 1 3 Processor 4 | . . . . . 10 3 . . Hackware 3 | . . . . . . 2 18 22 Protection 7 | . 12 14 14 14 4 6 . . Energy Gun 5 | . 2 5 14 21 3 . 6 4 Ballistic Gun 3 | . 25 8 . . . . . . Ballistic Cannon 3 | . . . . . 7 4 . . Launcher 5 | . . 14 14 7 3 8 1 4 Peak Build Rating 63 | 6 8 10 12 13 34 57 59 63 Average Rating 24 | 4 6 8 11 12 25 32 51 53 On Entrance 21 | . 6 8 10 12 13 30 57 54 Naked Turns . | . . . . . . . . . Heaviest Build 47 | 14 32 36 36 36 45 47 23 22 Greatest Support 80 | 40 40 40 40 40 63 80 23 23 Greatest Overweight (x) 3 | . . 1 . . 3 2 . . Average Overweight (x) . | . . . . . 1 . . . Largest Inventory Capacity 15 | 8 15 15 15 15 15 15 5 5 Average Capacity 13 | 7 12 15 15 15 15 14 5 5 Most Carried 15 | 2 10 12 15 15 15 15 5 5 Average Carried 10 | 1 4 10 14 13 13 11 3 2 Final Capacity 15 | 8 15 15 15 15 15 5 5 5 Final Carried 15 | 2 10 11 15 13 14 4 3 2 Class Distribution -------------------- 81% | Mutant 6% | Sprinter 5% | Bothacker-Sprinter 3% | Scavenger-Mutant Dominant Class ---------------- Mutant | -10/Materials Mutant | -10/Mines Mutant | -10/Exiles Mutant | -9/Mines Mutant | -8/Materials Mutant | -8/Garrison Sprinter | -8/Materials Sprinter | -8/Garrison Resources | -11 -10 -10 -10 -9 -8 -8 -8 -8 ----------- Run | Yrd Mat Min Exi Min Mat Gar Mat Gar Matter Collected 3295 | 221 214 160 . 125 1463 537 330 245 Remotely 1394 | . . . . . 877 517 . . Salvage Created 2574 | . 224 40 . 81 1445 326 255 203 Parts 164 | . 22 3 . 5 70 28 22 14 Haulers Intercepted 5 | . 2 . . . 3 . . . Recyclers Shooed 1 | . . . . . 1 . . . Parts Field Recycled . | . . . . . . . . . Retrieved Matter . | . . . . . . . . . Parts Self-Destructed . | . . . . . . . . . Prevented . | . . . . . . . . . Kills | -11 -10 -10 -10 -9 -8 -8 -8 -8 ------- Run | Yrd Mat Min Exi Min Mat Gar Mat Gar Combat Hostiles Destroyed 92 | . 7 6 . 17 35 15 4 8 Melee 4 | . . . . . 4 . . . Guns 17 | . 6 . . 1 3 1 3 3 Cannons 21 | . . . . . 16 5 . . AOE 50 | . 1 6 . 16 12 9 1 5 Classes Destroyed 16 | . 3 . . 3 7 2 1 . Worker 5 | . . . . 1 4 . . . Builder 1 | . . . . . 1 . . . Hauler 5 | . 2 . . . 3 . . . Recycler 2 | . . . . . 1 . 1 . Mechanic 1 | . . . . . . . 1 . Watcher 7 | . 1 . . . 5 . 1 . Swarmer 24 | . 7 6 . 3 3 3 . 2 Cutter 3 | . . . . . . 1 2 . Grunt 30 | . . . . . 22 8 . . Brawler 2 | . . . . . 2 . . . Duelist 2 | . . . . . 2 . . . Sentry 7 | . . . . . 4 . 1 2 Specialist 3 | . . . . . 2 . . 1 Hunter 3 | . . . . . . . 1 2 Programmer 4 | . . . . . . 3 . 1 Assembled 14 | . . . . 14 . . . . Guerrilla 1 | . . . . 1 . . . . Best Kill Streak 12 | . 3 3 . 12 10 4 4 5 Combat Bots Only 11 | . 3 3 . 11 5 4 2 5 Max Kills in Single Turn 5 | . 1 3 . 5 4 2 1 2 Gunslinging . | . . . . . . . . . Exploded 5 | . 1 3 . 5 2 2 1 2 Melee 1 | . . . . . 1 . . . Uniques/NPCs Destroyed . | . . . . . . . . . Combat | -11 -10 -10 -10 -9 -8 -8 -8 -8 -------- Run | Yrd Mat Min Exi Min Mat Gar Mat Gar Hostile Shots Fired 274 | . 35 5 . 15 118 55 16 30 Missed 91 | . 11 2 . 7 33 17 9 12 Damage Taken 3515 | . 290 31 . 200 1646 955 182 211 Core 623 | . 24 . . 47 228 167 37 120 Absorbed by Shields 110 | . . . . . . . 35 75 Ignored by Resistances 12 | . . . . . . 12 . . Regen/Repaired (Parts) 36 | . . . . . 36 . . . Core Remaining (%) 85 | 100 . . . 71 . . . . Volleys Fired 277 | . 35 3 . 14 119 49 29 28 Largest 2 | . 2 1 . 2 2 2 1 1 Hottest 117 | . 40 30 . 112 117 111 81 81 Shots Fired 409 | . 70 3 . 15 207 55 31 28 Gun 165 | . 70 . . 3 57 5 16 14 Cannon 156 | . . . . . 126 30 . . Launcher 71 | . . 3 . 12 24 20 5 7 Special 17 | . . . . . . . 10 7 Kinetic 234 | . 70 . . . 136 28 . . Thermal 85 | . . . . 3 47 5 16 14 Explosive 71 | . . 3 . 12 24 20 5 7 Electromagnetic 2 | . . . . . . 2 . . Robot Hit Streak 27 | . 6 3 . 4 13 27 7 13 Robot Miss Streak 7 | . 4 . . 3 7 1 4 4 Penetration Max 1 | . . . . . 1 1 . . Secondary Targets 1 | . 1 . . . . . . . Max Gunslinging Chain 1 | . 1 . . . . . . . Shots Hit Robots 222 | . 40 3 . 5 116 27 18 13 Core Hits 182 | . 12 6 . 40 70 29 11 14 Critical Kills . | . . . . . . . . . Critical Parts Destroyed 1 | . 1 . . . . . . . Critical Strikes 27 | . 1 . . 1 22 2 1 . Burn 5 | . . . . 1 3 . 1 . Destroy 1 | . 1 . . . . . . . Blast 20 | . . . . . 18 2 . . Sever 1 | . . . . . 1 . . . Melee Attacks 24 | . . . . . 14 10 . . Impact . | . . . . . . . . . Slashing 24 | . . . . . 14 10 . . Piercing . | . . . . . . . . . Sneak Attacks 3 | . . . . . 3 . . . Combat Hostiles . | . . . . . . . . . Follow-up Attacks . | . . . . . . . . . Damage Inflicted 9345 | . 507 301 . 1496 4475 1668 417 481 Guns 1416 | . 507 . . 15 476 23 267 128 Cannons 2572 | . . . . . 1998 574 . . Explosions 4885 | . . 301 . 1481 1591 1009 150 353 Melee 462 | . . . . . 400 62 . . Ramming 10 | . . . . . 10 . . . Kinetic 3149 | . 507 . . . 2068 574 . . Thermal 839 | . . . . 15 406 23 267 128 Explosive 4885 | . . 301 . 1481 1591 1009 150 353 Electromagnetic . | . . . . . . . . . Impact . | . . . . . . . . . Slashing 462 | . . . . . 400 62 . . Piercing . | . . . . . . . . . Highest Corruption 7 | . . . . . . 5 7 7 Average Corruption 5 | . . . . . . 4 6 7 Corruption Purged . | . . . . . . . . . Corruption Blocked . | . . . . . . . . . Effects 37 | . . . . . . 16 9 12 Message Errors 7 | . . . . . . 3 2 2 Matter Fused 10 | . . . . . . 6 2 2 Heat Flow Errors 3 | . . . . . . . . 3 Energy Discharges 3 | . . . . . . 2 . 1 Parts Rejected 1 | . . . . . . . . 1 Data Loss (minor) 7 | . . . . . . 4 1 2 Misfires 4 | . . . . . . 1 3 . Alerts 1 | . . . . . . . . 1 Weapon Failures 1 | . . . . . . . 1 . Overload Shots . | . . . . . . . . . Overflow Damage 257 | . . 2 . 27 136 92 . . Projectiles 108 | . . . . . 38 70 . . Explosions 127 | . . 2 . 27 76 22 . . Melee 22 | . . . . . 22 . . . Knockbacks 15 | . . . . . 11 4 . . Impact . | . . . . . . . . . Kinetic 14 | . . . . . 11 3 . . Secondary 1 | . . . . . . 1 . . Self-Inflicted Damage 401 | . . 6 . 71 176 112 36 . Shots 16 | . . 1 . 4 5 4 2 . Rammed 2 | . . . . . 2 . . . Targets Rammed 2 | . . . . . 2 . . . Kicked . | . . . . . . . . . Crushed . | . . . . . . . . . Highest Temperature 675 | . 8 . . 63 675 206 170 253 Average Temperature 102 | . 6 . . 21 136 57 68 90 Received Heat Transfer 828 | . . . . 49 621 117 12 29 Effects 17 | . . . . . 17 . . . Shutdowns 2 | . . . . . 2 . . . Energy Bleed 1 | . . . . . 1 . . . Matter Decay 1 | . . . . . 1 . . . Damage (minor) 2 | . . . . . 2 . . . Damage (major) 10 | . . . . . 10 . . . Damage (core) 1 | . . . . . 1 . . . Siege Activations . | . . . . . . . . . Robots Corrupted . | . . . . . . . . . Combat Hostiles . | . . . . . . . . . Parts Fried . | . . . . . . . . . Impact Corruptions . | . . . . . . . . . Robots Melted . | . . . . . . . . . Combat Hostiles . | . . . . . . . . . Parts Melted 1 | . . . . . . . . 1 Heat Transferred 1850 | . . . . 111 1036 37 481 185 Parts Sabotaged . | . . . . . . . . . Parts Stolen . | . . . . . . . . . Parts Stripped . | . . . . . . . . . Power Chain Reactions . | . . . . . . . . . Alert | -11 -10 -10 -10 -9 -8 -8 -8 -8 ------- Run | Yrd Mat Min Exi Min Mat Gar Mat Gar Peak Influence 1293 | . 160 190 . 122 686 1293 978 1076 Initial 635 | . . 28 . . . 445 629 635 Average 410 | . 69 156 . 37 263 877 805 886 Maximum Alert Level 4 | . . . . . 2 4 3 3 Low Security (%) 49 | 100 100 100 . 100 52 . . . Level 1 5 | . . . . . 15 . . . Level 2 21 | . . . . . 31 33 30 16 Level 3 20 | . . . . . . 51 69 83 Level 4 3 | . . . . . . 15 . . Level 5 . | . . . . . . . . . High Security . | . . . . . . . . . Max Security . | . . . . . . . . . Squads Dispatched 5 | . . . . . 4 . 1 . Investigation 1 | . . . . . 1 . . . Extermination . | . . . . . . . . . Reinforcement 4 | . . . . . 3 . 1 . Assault . | . . . . . . . . . Garrison . | . . . . . . . . . Intercept . | . . . . . . . . . Searches Triggered . | . . . . . . . . . Construction Impeded 2 | . . . . . 2 . . . Haulers Reinforced . | . . . . . . . . . Active Scanning Responses . | . . . . . . . . . Cargo Convoy Interrupts . | . . . . . . . . . Stealth | -11 -10 -10 -10 -9 -8 -8 -8 -8 --------- Run | Yrd Mat Min Exi Min Mat Gar Mat Gar Distress Signals 5 | . . . . . 4 . 1 . Communications Jammed . | . . . . . . . . . Distress Signals . | . . . . . . . . . Times Spotted 157 | . 15 6 . 23 49 20 15 29 Peak Tracking Total 16 | . 4 3 . 16 5 5 4 8 Tactical Retreats 2 | . 1 . . . . 1 . . Traps | -11 -10 -10 -10 -9 -8 -8 -8 -8 ------- Run | Yrd Mat Min Exi Min Mat Gar Mat Gar Traps Triggered 5 | . . . . . . 1 . 4 Indirectly . | . . . . . . . . . Trap Hack Attempts 31 | . . . . . 31 . . . Triggered . | . . . . . . . . . Disarmed 5 | . . . . . 5 . . . Reprogrammed . | . . . . . . . . . Reused 6 | . . . . . . 6 . . Traps Extracted . | . . . . . . . . . Installed 9 | . . . . . . 9 . . Triggered 6 | . . . . . . 6 . . Most Traps Carried 6 | . . . . . . 6 . . Machines | -11 -10 -10 -10 -9 -8 -8 -8 -8 ---------- Run | Yrd Mat Min Exi Min Mat Gar Mat Gar Machines Disabled 26 | . . . . . 8 12 3 3 Max in Single Turn 2 | . . . . . 1 2 1 1 Garrison Relay 5 | . . . . . . 3 . 2 Phase Generator 1 | . . . . . . 1 . . Machines Repaired . | . . . . . . . . . Machines Dismantled . | . . . . . . . . . Machines Sabotaged . | . . . . . . . . . Overloaded Fab Kills . | . . . . . . . . . Hacking | -11 -10 -10 -10 -9 -8 -8 -8 -8 --------- Run | Yrd Mat Min Exi Min Mat Gar Mat Gar Machines Accessed 24 | . 5 . 2 . 9 2 4 2 Terminals 18 | . 4 . . . 7 2 3 2 Fabricators . | . . . . . . . . . Repair Stations 2 | . 1 . . . 1 . . . Recycling Units . | . . . . . . . . . Scanalyzers . | . . . . . . . . . Garrison Access 2 | . . . . . 1 . 1 . Total Hacks 58 | . 18 . 2 . 22 4 9 3 Successful 24 | . 8 . 2 . 9 1 4 . Failed 34 | . 10 . . . 13 3 5 3 Catastrophic 7 | . . . . . 4 2 . 1 Database Lockouts . | . . . . . . . . . Manual 37 | . 14 . 1 . 14 1 7 . Terminals 48 | . 16 . . . 17 4 8 3 Fabricators . | . . . . . . . . . Repair Stations 5 | . 2 . . . 3 . . . Recycling Units . | . . . . . . . . . Scanalyzers . | . . . . . . . . . Garrison Access 3 | . . . . . 2 . 1 . Terminal Hacks 6 | . 1 . 2 . 2 1 . . Record 1 | . . . 1 . . . . . Branch Access Points 1 | . . . . . 1 . . . Locate Traps 1 | . 1 . . . . . . . Zone Layout 1 | . . . . . 1 . . . Garrison Registry 1 | . . . . . . 1 . . Derelict Proto ID Bank 1 | . . . 1 . . . . . Fabricator Hacks . | . . . . . . . . . Repair Station Hacks 4 | . 2 . . . 2 . . . Scan Component 2 | . 1 . . . 1 . . . Repair 2 | . 1 . . . 1 . . . Recycling Unit Hacks . | . . . . . . . . . Scanalyzer . | . . . . . . . . . Garrison Access Hacks 2 | . . . . . 1 . 1 . Unlock Access 2 | . . . . . 1 . 1 . Unauthorized Hacks 12 | . 5 . . . 4 . 3 . Terminals 12 | . 5 . . . 4 . 3 . Assimilate 2 | . . . . . 1 . 1 . Botnet 6 | . 2 . . . 3 . 1 . Skim 4 | . 3 . . . . . 1 . Fabricators . | . . . . . . . . . Repair Stations . | . . . . . . . . . Recycling Units . | . . . . . . . . . Scanalyzers . | . . . . . . . . . Garrison Access . | . . . . . . . . . Data Cores Recovered . | . . . . . . . . . Used . | . . . . . . . . . Hacking Detections 19 | . 3 . . . 8 2 4 2 Full Trace Events 2 | . . . . . 1 . . 1 Feedback Events . | . . . . . . . . . Feedback Blocked . | . . . . . . . . . Robot Schematics Acquired . | . . . . . . . . . Robots Built . | . . . . . . . . . Authchips . | . . . . . . . . . Time . | . . . . . . . . . Total Robot Build Rating . | . . . . . . . . . Part Schematics Acquired . | . . . . . . . . . Parts Built . | . . . . . . . . . Authchips . | . . . . . . . . . Time . | . . . . . . . . . Total Part Build Rating . | . . . . . . . . . Parts Repaired 1 | . . . . . 1 . . . Time 58 | . 26 . . . 32 . . . Parts Recycled . | . . . . . . . . . Recycled Matter . | . . . . . . . . . Retrieved Matter . | . . . . . . . . . Retrieved Components . | . . . . . . . . . Parts Scanalyzed . | . . . . . . . . . Part Schematics Acquired . | . . . . . . . . . Parts Damaged . | . . . . . . . . . Bothacking | -11 -10 -10 -10 -9 -8 -8 -8 -8 ------------ Run | Yrd Mat Min Exi Min Mat Gar Mat Gar Used RIF Installer 1 | . . . . . . 1 . . Robots Hacked 12 | . . . . . . . 6 6 Non-combat 1 | . . . . . . . 1 . Combat 11 | . . . . . . . 5 6 Robot Hacks Applied 13 | . . . . . . . 7 6 map_walls 1 | . . . . . . . 1 . find_garrison 1 | . . . . . . . 1 . amplify_resonance 3 | . . . . . . . . 3 disable_weapons 1 | . . . . . . . 1 . reboot_system 1 | . . . . . . . 1 . formatsys_high 6 | . . . . . . . 3 3 Relay Couplers Released 20 | . . . . . . 11 . 9 Machine Destruction 20 | . . . . . . 11 . 9 Attached 8 | . . . . . . 2 2 4 Fabnet Peak Effective % . | . . . . . . . . . Robots Rewired . | . . . . . . . . . Allies Hacked 2 | . . . . . . . . 2 Hacks Repelled . | . . . . . . . . . Allies | -11 -10 -10 -10 -9 -8 -8 -8 -8 -------- Run | Yrd Mat Min Exi Min Mat Gar Mat Gar Total Allies 11 | . . 3 . . 1 . 4 3 Largest Group 4 | . . 3 3 3 1 . 3 4 Highest-Rated Group 135 | . . 40 40 40 10 . 105 135 Highest-Rated Ally 90 | . . 16 16 16 10 . 90 90 Total Orders . | . . . . . . . . . Ally Attacks 59 | . . 1 . 9 . . 18 31 Total Damage 1163 | . . 10 . 67 . . 442 644 Kills 11 | . . . . 2 . . 4 5 Allies Corrupted . | . . . . . . . . . Allies Melted . | . . . . . . . . . Intel | -11 -10 -10 -10 -9 -8 -8 -8 -8 ------- Run | Yrd Mat Min Exi Min Mat Gar Mat Gar Robot Analysis Total . | . . . . . . . . . Derelict Logs Recovered 1 | . . . . 1 . . . . Drone Launches . | . . . . . . . . . Drone Recoveries . | . . . . . . . . . Exploration | -11 -10 -10 -10 -9 -8 -8 -8 -8 ------------- Run | Yrd Mat Min Exi Min Mat Gar Mat Gar Turns Passed 5913 | 83 652 350 414 569 1990 1154 300 401 Spaces Moved 3802 | 47 318 143 256 336 980 820 445 457 Core 2 | 2 . . . . . . . . Treads 1811 | 45 318 143 256 336 380 333 . . Legs . | . . . . . . . . . Wheels 700 | . . . . . 600 100 . . Hover . | . . . . . . . . . Flight 1289 | . . . . . . 387 445 457 Fastest Speed 30 | 50 160 160 160 160 100 30 30 30 Average Speed 113 | 155 160 205 160 160 132 110 30 30 Slowest Speed 240 | 160 160 240 160 160 166 166 30 30 Overloaded Moves . | . . . . . . . . . Propulsion Burnouts . | . . . . . . . . . Robots Hopped 3 | . . . . . . . 1 2 Cave-ins Triggered . | . . . . . . . . . Exploration Rate (%) 52 | 3 69 24 61 72 79 75 44 45 Regions Visited 8 Branch Regions 3 Pre-discovered Areas 1 | . . . 1 . . . . . Known Exits Taken 2 | . . . . . 1 . 1 . Unknown Exits Taken 5 | 1 1 1 1 1 . . . . Scrap Searched 2 | . . 1 . 1 . . . . Spaces Dug 6 | . . . . . 5 1 . . Terrain Destroyed 444 | . . 25 . 92 135 140 43 9 Melee 2 | . . . . . 2 . . . Projectile 60 | . . . . . 56 1 2 1 AOE 382 | . . 25 . 92 77 139 41 8 Terrain Rammed . | . . . . . . . . . Walls Destroyed . | . . . . . . . . . Machines Disabled . | . . . . . . . . . Actions | -11 -10 -10 -10 -9 -8 -8 -8 -8 --------- Run | Yrd Mat Min Exi Min Mat Gar Mat Gar Total 4991 | 54 392 196 262 353 1437 1011 589 697 Wait 524 | . 21 37 . 2 204 27 101 132 Move 3788 | 46 317 142 255 335 979 819 442 453 Hop 3 | . . . . . . . 1 2 Pick Up 65 | 2 10 3 5 . 16 24 1 4 Fast Attach 46 | 6 2 2 . . 23 11 . 2 Attach 28 | . . 1 . 1 6 9 5 6 Detach 15 | . 1 . . . 4 4 3 3 Swap 34 | . 2 3 . . 14 7 4 4 Drop 84 | . 4 5 2 1 25 42 3 2 Fire 277 | . 35 3 . 14 119 49 29 28 Melee 24 | . . . . . 14 10 . . Ram . | . . . . . . . . . Kick . | . . . . . . . . . Crush 2 | . . . . . 2 . . . Escape Stasis 59 | . . . . . . . . 59 Rewire 2 | . . . . . . . . 2 Trap 40 | . . . . . 31 9 . . Miscellaneous . | . . . . . . . . . Route ------- -11/Scrapyard -10/Materials (discovered 2 exits: [*Mat] / [*Min]) -10/Mines (discovered 2 exits: [*Mat] / *Exi) -10/Exiles -9/Mines -8/Materials (discovered 3 exits: *Fac x2 / Gar) -8/Garrison (discovered 3 exits: *Mat x3) -8/Materials (discovered 3 exits: *Fac x2 / Gar) -8/Garrison (discovered 1 exit: *Fac) History --------- Turn | Location | Event 6 | -11/Scrapyard | Discovered new exit (range 15) 84 | -11/Scrapyard | Entered Materials 302 | -10/Materials | Build established: Mutant 554 | -10/Materials | Discovered new exit (range 9) 681 | -10/Materials | Discovered new exit (range 14) 736 | -10/Materials | Entered Mines 744 | -10/Mines | Met a Derelict bent on vengeance 748 | -10/Mines | Assisted by bots powering up and referring to "LRC-V3" 794 | -10/Mines | Discovered new exit (range 7) 942 | -10/Mines | Joined a pair of Derelicts in attacking an 0b10 outpost 1049 | -10/Mines | Deemed a non-threat by the Exiles lab entrance 1049 | -10/Mines | Discovered new exit (range 5) 1086 | -10/Mines | Entered Exiles 1086 | -10/Exiles | Accompanied by 3 allies 1153 | -10/Exiles | Met 8R-AWN 1179 | -10/Exiles | Met EX-HEX 1230 | -10/Exiles | Met EX-BIN 1248 | -10/Exiles | Aligned with FarCom system 1249 | -10/Exiles | Given EX-Vault access code 1286 | -10/Exiles | Opened EX-Vault 1297 | -10/Exiles | Found Superbattery 1332 | -10/Exiles | Warned to stay clear of 0b10 Research branches 1378 | -10/Exiles | Met EX-DEC 1385 | -10/Exiles | Learned location of Zion (-6) 1483 | -10/Exiles | Discovered new exit (range 14) 1500 | -10/Exiles | Left Exiles lab with Superbattery 1500 | -10/Exiles | Entered Mines 1500 | -9/Mines | Accompanied by 3 allies 1501 | -9/Mines | Assembled infested the area 1506 | -9/Mines | Assisted by a Guerilla fighting off Assembled 1541 | -9/Mines | Destroyed 11 combat bots 1575 | -9/Mines | Lost 3 allies 1579 | -9/Mines | Learned Materials trap positions 1847 | -9/Mines | Found a hidden stash of uninstalled traps 1911 | -9/Mines | Discovered new exit (range 10) 2069 | -9/Mines | Entered Materials 2069 | -8/Materials | Evolved 4 slots: Propulsion x2, Utility x2 2070 | -8/Materials | Loaded intel: 14 trap records 2587 | -8/Materials | Discovered new exit (range 15) 3793 | -8/Materials | Repaired Mni. Grenade Launcher 3875 | -8/Materials | Discovered new exit (range 15) 4056 | -8/Materials | Identified exit to Garrison 4059 | -8/Materials | Entered Garrison 4065 | -8/Garrison | Triggered checkpoint 4149 | -8/Garrison | Core integrity fell below 50% 4217 | -8/Garrison | Triggered checkpoint 4438 | -8/Garrison | Triggered checkpoint 4645 | -8/Garrison | Triggered checkpoint 4787 | -8/Garrison | Garrison Relay disabled 4819 | -8/Garrison | Discovered new exit (range 14) 4842 | -8/Garrison | Discovered new exit (range 53) 4842 | -8/Garrison | Discovered new exit (range 68) 4842 | -8/Garrison | Discovered new exit (range 7) 5006 | -8/Garrison | Installed Relay Interface Framework 5033 | -8/Garrison | Triggered checkpoint 5037 | -8/Garrison | Garrison Relay disabled 5085 | -8/Garrison | Triggered checkpoint 5152 | -8/Garrison | Triggered checkpoint 5175 | -8/Garrison | Phase Generator disabled 5213 | -8/Garrison | Entered Materials 5317 | -8/Materials | Discovered new exit (range 14) 5361 | -8/Materials | Identified exit to Factory 5462 | -8/Materials | Discovered exit to Factory (range 14) 5498 | -8/Materials | Identified exit to Garrison 5513 | -8/Materials | Entered Garrison 5513 | -8/Garrison | Accompanied by 2 allies 5545 | -8/Garrison | Triggered checkpoint 5546 | -8/Garrison | Core integrity fell below 20% 5581 | -8/Garrison | Garrison Relay disabled 5589 | -8/Garrison | Garrison Relay disabled 5625 | -8/Garrison | Triggered checkpoint 5637 | -8/Garrison | Triggered checkpoint 5827 | -8/Garrison | Triggered checkpoint 5828 | -8/Garrison | Triggered checkpoint 5859 | -8/Garrison | Discovered exit to Factory (range 12) 5863 | -8/Garrison | Lost 3 allies 5877 | -8/Garrison | Triggered checkpoint 5914 | -8/Garrison | Destroyed by X-62 Marksman with Pulse Rifle Last Messages --------------- 05902_ Field strength at 16. 05903_ Field strength at 10. 05904_ Field strength at 4. 05905_ Stasis field depleted. 05906_ Triggered Stasis Trap. 05906_ A bubble of rippling energy engulfs the area. 05906_ Field strength at 94. 05906_ Field strength at 88. 05907_ Field strength at 82. 05908_ Field strength at 76. 05909_ Field strength at 70. 05910_ Field strength at 64. 05911_ Field strength at 58. 05911_ B-36 Bruiser springs to life. 05912_ Field strength at 52. 05912_ B-36 Bruiser springs to life. 05913_ Field strength at 46. 05913_ Penetrated by Slug. 05914_ Field strength at 35. Map ----- +----------------------------------------------------+ | ?????????????????????????????????????????? | | ?????????????????????????????????????????? | | ?????????????????????????????????????????? | | ?????????????????????????????????????????? | | ?????????????????????????????????????????? | | ?????????????????????????????????????????? | | ?????????????????????????????????????????? | | ?????????????????????????????????????????? | | ?????????????????????????????????????????? | | ?????????????????????????????????????????? | | ?????????????????????????????????????????? | | ?????????????????????????????????????????? | | ?????????????????????????????????????????? | | ?????????????????????????????????????????? | | ?????????????????????????????????????##### | | ?????????????????????????????????????? | | ???????????????????????????????????????? | | ?????????????????????????????????????????# | | ????????????????????????????????????????## | | ???????????????????????????????????# #### | | ???????????????????????????????????# | | ?????????????????????????????????????## # | | ???????????#?????????????????????????# | | ???????????# b???????????????????????# ### | | ???????????# bb########################## | | ?????????????# bx@ ^ | | ???????#" x #/############### | | ???????#######??# #?????????????# ####### | | ????????????????# #?????????????# #?????? | | ????????????????# #?????????????# Y#?????? | | ????????????????# #?????????????# #?????? | | ?????############ #?????????????# #?????? | | ????#""""""""""## #?????????????# #?????? | | ????#"""!!!!!!"## #?????????????# #?????? | | ????#"" #? ?############## ####### | | ????#"! #? ?# | | ????#"! ##### x | | ????#"! ##### ##### ######## | | ????#"! #???# #???# #??????? | | ????#"" ##### #??!! #???# #??????? | | ????#"""!!!!!!"#??## #?#!! #???# #??????? | | ?????""""""""""#??# #?#####???# #####??? | | ?????###########??# #?????????# #??? | | ??????????????????# #?????????##### #??? | | ??????????????????# #?????????????# #??? | | ??????????????????## #?????????????# #??? | | ?????????????????### #?????????????# ###? | | ?????????????????# #?????????????# #? | | ?????????????????# < #?????????????# #? | | ?????????????????# #?????????????# #? | +----------------------------------------------------+ Best States ------------- Heat Dissipation 45 Energy Generation 15 Energy Capacity 1650 Matter Stores 300 Matter Capacity 300 Sight Range 16 Terrain Scan Density 10 Armor Coverage 450 Resistance: TH 10 Evasion (%) 64 Targeting Accuracy 6 Target Analysis 7 Recoil Reduction 4 Relay Coupler Types 4 Relay Coupler Value 86 Item Schematics ----------------- None Robot Schematics ------------------ None Fabricated ------------ Nothing Alien Tech Used ----------------- None Achievements -------------- None Challenges ------------ None Game ------ Seed SalvageRefineryDeconstructor Manual? 0 Play Time 01:02:25 Cumulative 361.7 hours Start 2024.09.14 @ 17:48:29 End 2024.09.14 @ 19:48:13 Sessions 3 Manual Loads 0 Difficulty Rogue Special Mode None Game No. 368 Rogue 363 Adventurer 5 Explorer 0 Win Type - Total 7 Types 5/0/0/2/0/0/0/0/0 Lore% 78 Gallery% 83 Achievement% 69 Wizard Run 0 Options --------- Layout 1 ASCII 0 Keyboard 0 Movement Mouse Keybinds 0 Fullscreen 1 Font 24/Terminus Map View 50x35 Zoom Use 0% Tactical HUD 1 Map Filters NONE Filters NONE Steam 1 RUN: 17e43ab4-1e1a-4ce1-a6f8-82ac8143c4fa